 Dungeon Crawl Stone Soup version 0.21-a0-221-gfe971b9 (webtiles) character file.

52 tidbits the Skirmisher (level 3, -4/34 HPs)
             Began as a Draconian Wanderer on Aug 27, 2017.
             Slain by an orc
             ... wielding a cursed -2 flail
              (6 damage)
             ... on level 3 of the Dungeon.
             The game lasted 00:06:15 (776 turns).

tidbits the Skirmisher (Draconian Wanderer)          Turns: 776, Time: 00:06:15

Health: -4/34      AC:  5    Str: 12    XL:     3   Next: 60%
Magic:  4/4        EV: 11    Int: 13    God:
Gold:   107        SH:  0    Dex: 12    Spells: 4/4 levels left

rFire    . . .     SeeInvis .   a - +0 long sword
rCold    . . .     Gourm    .   (no shield)
rNeg     . . .     Faith    .   (armour unavailable)
rPois    .         Spirit   .   (helmet restricted)
rElec    .         Reflect  .   (no cloak)
rCorr    .         Harm     .   (no gloves)
MR       .....     Rnd*Tele +   (no boots)
Stlth    ++........             (no amulet)
HPRegen  0.11/turn              k - ring of teleportation (curse)
MPRegen  0.09/turn              (no ring)

@: no status effects
A: unfitting armour, cold-blooded, AC +5
a: no special abilities


You were on level 3 of the Dungeon.
You were not hungry.

You visited 1 branch of the dungeon, and saw 3 of its levels.

You collected 107 gold pieces.

Inventory:

Hand Weapons
 a - a +0 long sword (weapon)
 b - a +0 spear
 g - a +0 short sword
 q - a +0 morningstar
Missiles
 e - 63 stones (quivered)
 h - 16 bolts
Jewellery
 k - a cursed ring of teleportation (left hand)
   (You found it on level 2 of the Dungeon)
Scrolls
 c - 4 scrolls of teleportation
 n - a scroll of enchant armour {unknown}
Potions
 j - a potion of ambrosia
 l - a potion of heal wounds {unknown}
 m - a potion of resistance {unknown}
 o - a potion of curing {unknown}
 r - 2 potions of haste
Books
 i - a book of Minor Magic

   Spells                             Type                      Level
   a - Magic Dart                     Conjuration                  1
   b - Blink                          Translocation                2
   c - Call Imp                       Summoning                    2
   d - Slow                           Hexes                        2
   e - Conjure Flame                  Conjuration/Fire             3
   f - Mephitic Cloud                 Conjuration/Poison/Air       3
Comestibles
 d - 3 bread rations
 f - 3 chunks of flesh
 p - 2 royal jellies


   Skills:
 - Level 4.3 Fighting
 + Level 1.0 Dodging
 - Level 1.5 Stealth
   Level 1.0 Shields
 - Level 1.0 Spellcasting
   Level 3.0 Necromancy
   Level 1.0 Fire Magic
   Level 1.0 Evocations


You had 4 spell levels left.
You didn't know any spells.

Dungeon Overview and Level Annotations

Branches:
Dungeon (3/15)

Altars:
Cheibriados
Wu Jian

Annotations:
D:2 2 transporters


Innate Abilities, Weirdness & Mutations

Your plain brown scales are hard. (AC +5)
You cannot fit into any form of body armour.
You are cold-blooded and may be slowed by cold attacks.


Message History

You barely miss the orc. You tail-slap the orc.
You kill the orc!
You closely miss the orc.
Your tail-slap misses the orc.
The orc hits you.
* * * LOW HITPOINT WARNING * * *
You slash the orc!
You kill the orc!
You barely miss the worm. You slash the worm! You tail-slap the worm!
You kill the worm!
Your Dodging skill increases to level 1!
Items here: ) [ †† a flail; a leather armour; an orc corpse x2
Butcher an orc corpse? [(y)es/(c)hoosy/(n)o/(a)ll/(e)dible/(q)uit/?]
Butcher an orc corpse? [(y)es/(c)hoosy/(n)o/(a)ll/(e)dible/(q)uit/?]
Okay, then.
You butcher the orc corpse.
You feel a strong urge to attack something.
f - 3 chunks of flesh
Things that are here:
a flail; a leather armour; an orc corpse Unknown command.
You are no longer berserk.
You are exhausted.
You feel yourself slow down.
Items here: ))) [ ††††
q - a morningstar
Okay, then.
Things that are here:
a flail; a leather armour; an orc corpse
Items here: )) [ †††† You hear the slow rusting of a distant drain.
r - 2 sedimented inky potions
As you read the scroll labeled ULIVE MINU, it crumbles to dust.
It is a scroll of identify.
r - 2 potions of haste
As you read the scroll of identify, it crumbles to dust.
j - a potion of ambrosia You feel yourself speed up.
Found a royal jelly.
n - a scroll labeled FOUSAI UGIABB
Found 11 gold pieces.
Found a ring mail.
p - 2 royal jellies (gained 1)
You recover from your berserk rage.
You now have 107 gold pieces (gained 11).
A hobgoblin comes into view. It is wielding a club.
The helpless hobgoblin fails to defend itself.
You hit the hobgoblin.
The hobgoblin is lightly wounded.
The hobgoblin barely misses you.
You completely miss the hobgoblin.
The hobgoblin is lightly wounded.
The hobgoblin closely misses you. The hobgoblin misses you.
You closely miss the hobgoblin.
Your tail-slap misses the hobgoblin.
The hobgoblin is lightly wounded.
The hobgoblin hits you with a club.
* * * LOW HITPOINT WARNING * * *
You hit the hobgoblin.
The hobgoblin is almost dead.
The hobgoblin hits you with a club.
* * * LOW HITPOINT WARNING * * *
You hit the hobgoblin.
You kill the hobgoblin!
Things that are here:
a club; a hobgoblin corpse You hear the slow rusting of a distant drain.
You are suddenly yanked towards some nearby monsters!
Your surroundings suddenly seem different.
Found 21 gold pieces, a spear and 3 scrolls of recharging.
Found a stone staircase leading down.
A frilled lizard, a rat and an orc come into view.
You open the door.
The orc shouts!
There is an open door here.
You closely miss the rat. The rat barely misses you.
The rat bites you but does no damage.
You closely miss the rat. The rat bites you.
* * * LOW HITPOINT WARNING * * *
You hit the rat.
You kill the rat!
You closely miss the orc. The orc closely misses you.
You riposte.
You barely miss the orc.
Your tail-slap misses the orc.
You closely miss the orc. You tail-slap the orc.
The orc is moderately wounded.
The orc hits you with a flail!
* * * LOW HITPOINT WARNING * * *
You barely miss the orc.
The orc is moderately wounded.
The orc barely misses you.
You riposte.
You closely miss the orc.
The orc is moderately wounded.
The orc barely misses you.
You hit the orc.
The orc is almost dead.
The orc hits you with a flail.
* * * LOW HITPOINT WARNING * * *
You barely miss the orc.
The orc is almost dead.
You hear the slow rusting of a very distant drain.
The orc hits you with a flail.
You die...

........#
.......#
......#
.....#
....# ...
#.# #@# #o#
########'##
.....r....#
..........#
..........#
..........#
..>.......+
.$........#


You could see an orc.

Vanquished Creatures
  An adder (D:2)
  An ooze (D:2)
  A worm (D:3)
  5 orcs (D:3)
  2 giant cockroaches
  4 goblins
  2 hobgoblins
  2 jackals (D:2)
  A kobold (D:2)
  3 quokkas (D:2)
  3 bats
  2 frilled lizards
  3 rats
30 creatures vanquished.

Notes
Turn   | Place    | Note
-------+----------+-------------------------------------------
     0 | D:1      | tidbits the Draconian Wanderer began the quest for the Orb.
     0 | D:1      | tidbits set off with: a book of Minor Magic, a +0 spear, a scroll of teleportation, a bread ration
     0 | D:1      | Reached XP level 1. HP: 19/19 MP: 2/2
   263 | D:2      | Reached XP level 2. HP: 27/27 MP: 3/3
   286 | D:2      | Found a transporter.
   289 | D:2      | Noticed an ice beast
   289 | D:2      | Noticed an ogre
   292 | D:2      | Found a transporter.
   296 | D:2      | Noticed a necrophage
   299 | D:2      | Found an ornate altar of the Wu Jian Council.
   299 | D:2      | Found a snail-covered altar of Cheibriados.
   327 | D:2      | Reached skill level 4 in Fighting
   327 | D:2      | Reached skill level 1 in Stealth
   429 | D:2      | Reached XP level 3. HP: 28/33 MP: 4/4
   660 | D:3      | HP: 3/34 [orc/falchion (3)]
   668 | D:3      | HP: 3/51 [orc (4)]
   671 | D:3      | Reached skill level 1 in Dodging
   773 | D:3      | HP: 3/34 [orc/flail (7)]
   775 | D:3      | HP: 1/34 [orc/flail (2)]
   776 | D:3      | Slain by an orc

Vault maps used:
D:1:      nzn_arrival_settlement, minmay_liquid_box
D:2:      gammafunk_temple_overflow_arena, corexii_item_surrounded_by_moat,
          hex_tiny
D:3:      first_bread, cheibrodos_sewer_entry_drain

Skill      XL: |  1  2  3 |
---------------+----------+-----
Fighting       | 4 |  4.3
Stealth        | 1 |  1.5
Dodging        | 1 |  1.0
Shields        | |  1.0
Spellcasting   | |  1.0
Necromancy     | |  3.0
Fire Magic     | |  1.0
Evocations     | |  1.0

Action                   || total
-------------------------++-------
Melee: Spear             ||    11
       Long sword        ||    89
       Tailslap          ||    10
  Use: Scroll            ||     4
       Potion            ||     1
 Stab: Sleeping          ||     1
Armor: Skin              ||    31
Dodge: Dodged            ||    69
       Rpst.: Long sword ||    17

Table legend:
 A = Spawn XP
 B = Non-spawn XP
 C = Spawn XP percentage of total XP
 D = Spawn monster count
 E = Non-spawn monster count
 F = Spawn count percentage of total count
 G = Total turns spent on level
                    A         B        C        D         E        F      G
               +---------+---------+-------+---------+---------+-------+---------
         Total |       0 |      75 |   0.0 |       0 |      30 |   0.0 |   776
               +---------+---------+-------+---------+---------+-------+---------
           D:1 |       0 |       9 |   0.0 |       0 |       6 |   0.0 |   258
           D:2 |       0 |      40 |   0.0 |       0 |      14 |   0.0 |   300
           D:3 |       0 |      26 |   0.0 |       0 |      10 |   0.0 |   218
               +---------+---------+-------+---------+---------+-------+---------

Table legend:
 A = Turns spent in this place as a percentage of turns spent in the entire game.
 B = Non-inter-level travel turns spent in this place as a percentage of non-inter-level travel turns spent in the entire game.
 C = Inter-level travel turns spent in this place as a percentage of turns spent in this place.
 D = Turns resting spent in this place as a percentage of non-inter-level travel turns spent in this place.
 E = Turns spent auto-exploring this place as a percentage of non-inter-level travel turns spent in this place.
 F = Non-inter-level travel turns spent in this place divided by the number of levels of this place that you've seen.
                   A       B       C       D       E      F
               +-------+-------+-------+-------+-------+----------------------
         Total | 100.0 | 100.0 |   0.0 |   0.0 |   0.0 | 258.7
       Dungeon | 100.0 | 100.0 |   0.0 |   0.0 |   0.0 | 258.7
               +-------+-------+-------+-------+-------+----------------------

Table legend:
 A = Kills in this place as a percentage of kills in entire the game.
 B = Kills by you in this place as a percentage of kills by you in the entire game.
 C = Kills by friends in this place as a percentage of kills by friends in the entire game.
 D = Other kills in this place as a percentage of other kills in the entire game.
 E = Experience gained in this place as a percentage of experience gained in the entire game.
 F = Experience gained in this place divided by the number of levels of this place that you have seen.
                   A       B       C       D       E      F
               +-------+-------+-------+-------+-------+----------------------
         Total | 100.0 | 100.0 |   N/A |   N/A | 100.0 |  25.0
       Dungeon | 100.0 | 100.0 |   N/A |   N/A | 100.0 |  25.0
               +-------+-------+-------+-------+-------+----------------------

Vault maps used:
D:1:      nzn_arrival_settlement, minmay_liquid_box
D:2:      gammafunk_temple_overflow_arena, corexii_item_surrounded_by_moat,
          hex_tiny
D:3:      first_bread, cheibrodos_sewer_entry_drain
